 Dungeon Crawl Stone Soup version 0.22.0-78-g6c94d2c (webtiles) character file.

442 Starchild the Cutter (level 6, -4/44 HPs)
             Began as a Vampire Skald on Sept 16, 2018.
             Was an Initiate of Dithmenos.
             Slain by a sky beast (5 damage)
             ... on level 5 of the Dungeon.
             The game lasted 00:22:51 (5410 turns).

Starchild the Cutter (Vampire Skald)                Turns: 5410, Time: 00:22:52

Health: -4/44      AC:  4    Str: 10    XL:     6   Next: 71%
Magic:  4/9        EV: 11    Int: 17    God:    Dithmenos [......]
Gold:   263        SH:  0    Dex: 14    Spells: 1/9 levels left

rFire    . . .     SeeInvis +   a - +0 short sword
rCold    . . .     Gourm    .   (no shield)
rNeg     + . .     Faith    .   b - +0 leather armour
rPois    .         Spirit   .   (no helmet)
rElec    .         Reflect  .   B - +0 cloak
rCorr    +         Harm     .   (no gloves)
MR       .....                  (no boots)
Stlth    +.........             (no amulet)
HPRegen  0.14/turn              p - ring of resist corrosion
MPRegen  0.11/turn              (no ring)

@: very slightly contaminated
A: fangs 3, see invisible, unbreathing
a: Bat Form, Renounce Religion


You were on level 5 of the Dungeon.
You worshipped Dithmenos.
Dithmenos was noncommittal.
You were not thirsty.

You visited 2 branches of the dungeon, and saw 6 of its levels.

You collected 263 gold pieces.

Inventory:

Hand Weapons
 a - a +0 short sword (weapon)
Missiles
 j - 233 stones (quivered)
 r - a tomahawk
Armour
 b - a +0 leather armour (worn)
 B - a +0 cloak (worn)
Jewellery
 p - a ring of resist corrosion (left hand)
Wands
 l - a wand of random effects (26)
 o - a wand of polymorph (10)
Scrolls
 e - a scroll of fear {unknown}
 h - 2 scrolls of amnesia
 k - a scroll of blinking {unknown}
 m - a scroll of identify
 q - 2 scrolls of remove curse
 u - a scroll of enchant armour {unknown}
 v - a scroll of fog {unknown}
 x - a scroll of magic mapping {unknown}
 y - a scroll of immolation {unknown}
 A - 2 scrolls of enchant weapon
Potions
 c - a potion of invisibility {unknown}
 d - 8 potions of blood
 f - a potion of brilliance
 g - 2 potions of flight
 i - a potion of lignification {unknown}
 n - 4 potions of heal wounds
 s - a potion of berserk rage {unknown}
 t - a potion of haste {unknown}
 w - a potion of agility {unknown}
 z - 2 potions of curing {unknown}


   Skills:
 - Level 1.7(0.8) Fighting
 + Level 6.4(3.2) Short Blades
 - Level 0.7(0.3) Armour
 - Level 2.1(1.0) Dodging
 - Level 2.0(1.0) Spellcasting
 * Level 2.0(1.0) Hexes
 - Level 5.5(2.7) Charms


You had one spell level left.
You knew the following spells:

 Your Spells              Type           Power        Failure   Level  Hunger
a - Infusion              Chrm           ##..         10%         1    ##.....
b - Song of Slaying       Chrm           ##......     14%         2    ###....
c - Shroud of Golubria    Chrm/Tloc      #.........   26%         2    ###....
d - Spectral Weapon       Hex/Chrm       #.......     38%         3    ####...

Your spell library contained the following spells:

 Spells                   Type           Power        Failure   Level  Hunger
 Corona                   Hex            #......      19%         1    ##.....
 Ensorcelled Hibernation  Hex/Ice        #.....       34%         2    ###....
 Regeneration             Chrm/Necr      #.........   45%         3    ####...
 Confuse                  Hex            #.......     50%         3    ####...
 Tukima's Dance           Hex            #.......     50%         3    ####...
 Dazzling Spray           Conj/Hex       #.....       56%         3    ####...


Dungeon Overview and Level Annotations

Branches:
Dungeon (5/15)             Temple (1/1) D:4

Altars:
Ashenzari
Cheibriados
Dithmenos
Elyvilon
Fedhas
Gozag
Hepliaklqana
Kikubaaqudgha
Makhleb
Okawaru
Qazlal
Ru
Sif Muna
Trog
Wu Jian
Xom
Yredelemnul
Zin
The Shining One

Shops:
D:4 %

Annotations:
D:4 1 runed door, Edmund


Innate Abilities, Weirdness & Mutations

You have razor-sharp teeth.
You have supernaturally acute eyesight. (SInv)
You can survive without breathing.


Message History

* * * LOW HITPOINT WARNING * * *
You barely miss the sky beast.
The sky beast is severely wounded.
You are no longer magically infusing your attacks.
The sky beast misses you.
You hit the sky beast.
The sky beast is almost dead.
The sky beast closely misses you.
You hit the sky beast. Your bite misses the sky beast.
The sky beast is almost dead.
The sky beast hits you.
* * * LOW HITPOINT WARNING * * *
The sky beast shocks you.
* * * LOW HITPOINT WARNING * * *
You closely miss the sky beast.
The sky beast is almost dead.
The sky beast hits you.
* * * LOW HITPOINT WARNING * * *
The sky beast shocks you.
You die...

######### #.......#
#.#####.# ####.#### #
###.......# .#
##########.#.##.##.# .#
.>....Y@.....##.##.##.#
#.#.####.###.##)......#
#[##............# ##
#.#.#####..#.# ..##
##.#.# #.# ##.#.# ..
#....# ## #..### #..#


You could see a sky beast.

Vanquished Creatures
  Menkaure (D:4)
  An ogre (D:5)
  Jessica (D:2)
  A worker ant (D:4)
  A hound zombie (D:4)
  A hound skeleton (D:4)
  7 adders
  An adder skeleton (D:3)
  A worm (D:3)
  3 dart slugs
  9 leopard geckos
  5 orcs (D:3)
  6 giant cockroaches
  5 goblins
  5 hobgoblins
  10 jackals
  6 kobolds
  2 quokkas
  3 bats
  4 frilled lizards
  2 leopard gecko skeletons
  2 quokka skeletons (D:4)
  5 rats
82 creatures vanquished.

Vanquished Creatures (others)
  A spectral weapon (D:4)
1 creature vanquished.

Grand Total: 83 creatures vanquished

Notes
Turn   | Place    | Note
-------+----------+-------------------------------------------
     0 | D:1      | Starchild the Vampire Skald began the quest for the Orb.
     0 | D:1      | Reached XP level 1. HP: 16/16 MP: 3/3
   162 | D:1      | Reached XP level 2. HP: 20/22 MP: 5/5
   241 | D:1      | Learned a level 2 spell: Song of Slaying
   327 | D:1      | Learned a level 2 spell: Shroud of Golubria
   941 | D:2      | Reached XP level 3. HP: 19/27 MP: 2/6
  1193 | D:2      | Noticed Jessica
  1198 | D:2      | Killed Jessica
  1198 | D:2      | Reached skill level 3 in Short Blades
  1490 | D:2      | Found a burning altar of Makhleb.
  1949 | D:3      | Reached XP level 4. HP: 33/33 MP: 0/7
  3168 | D:3      | Reached skill level 4 in Short Blades
  3525 | D:3      | Found a hazy altar of Hepliaklqana.
  3631 | D:4      | Noticed an ice beast
  3641 | D:3      | Reached skill level 5 in Charms
  3641 | D:3      | Reached XP level 5. HP: 35/38 MP: 4/8
  3748 | D:4      | Noticed Menkaure
  3757 | D:4      | Killed Menkaure
  3757 | D:4      | Reached skill level 5 in Short Blades
  4093 | D:4      | Found a snail-covered altar of Cheibriados.
  4117 | D:4      | Learned a level 3 spell: Spectral Weapon
  4149 | D:4      | Noticed Edmund
  4167 | D:4      | Reached XP level 6. HP: 42/44 MP: 6/9
  4202 | D:4      | Found a staircase to the Ecumenical Temple.
  4215 | Temple   | Entered the Ecumenical Temple
  4361 | Temple   | Became a worshipper of Ashenzari the Shackled
  4372 | D:4      | Found Atuuw's Food Shoppe.
  4425 | D:4      | Found a runed door.
  4587 | D:4      | Reached skill level 1 in Hexes
  4943 | D:5      | Entered Level 5 of the Dungeon
  5089 | Temple   | Fell from the grace of Ashenzari
  5089 | Temple   | Became a worshipper of Dithmenos the Shadowed
  5288 | D:5      | Reached skill level 6 in Short Blades
  5386 | D:5      | Noticed a sky beast
  5410 | D:5      | HP: 1/44 [sky beast (3)]
  5410 | D:5      | Slain by a sky beast

Skill      XL: |  1  2  3  4  5  6 |
---------------+-------------------+-----
Charms         | 4 5 |  5.5
Short Blades   | 3 4 5 6 |  6.4
Hexes          | 2 |  2.0
Fighting       | |  1.7
Armour         | |  0.7
Dodging        | |  2.1
Spellcasting   | |  2.0

Action                   |  1- 3 |  4- 6 || total
-------------------------+-------+-------++-------
Melee: Short sword       |   156 |   227 ||   383
       Bite              |    19 |    13 ||    32
Throw: Stone             |     2 |     4 ||     6
 Cast: Infusion          |     4 |     5 ||     9
       Shroud of Golubri |     1 |     6 ||     7
       Song of Slaying   |     1 |     4 ||     5
       Spectral Weapon   |       |     1 ||     1
 Abil: End Transformatio |     1 |     1 ||     2
       Bat Form          |     1 |     1 ||     2
  Use: Scroll            |     2 |     3 ||     5
       Potion            |     2 |     8 ||    10
 Stab: Sleeping          |     2 |     6 ||     8
  Eat: Corpse            |       |     1 ||     1
Armor: Leather armour    |    38 |    33 ||    71
Dodge: Dodged            |    94 |   133 ||   227
